AoeStats
← Negro Lucas

Arena

509350394Analyzed
1v1 RM · 5d ago on Sep 26, 2026· 41m 8s· 2 players
Game mode
Random Map
Map size
Tiny (2 player)
Population
200
Speed
Normal
Resources
Standard
Victory
Conquest
Starting age
Dark Age
Ending age
Imperial Age
RankedLock teamsTeams togetherTeam positionsShared explorationLock speedFull tech treeHidden civsTurbo modeCheats
Victory
Defeat
🇦🇷 Bohemians · Argentina
566
+12
🇬🇧 Saxons · United Kingdom
475
-12
Marryhuan84
2:30 Loom
11:20 Feudal Age
11:47 Double-Bit Axe
13:01 Wheelbarrow
22:21 Castle Age
20:23 Horse Collar
21:11 Gold Mining
21:53 Stone Mining
23:18 Gambesons
22:54 Man-at-Arms
24:01 Long Swordsman
27:02 Thumb Ring
27:28 Padded Archer Armor
27:29 Scale Mail Armor
27:40 Forging
29:56 Bow Saw
30:50 Leather Archer Armor
30:26 Fletching
31:56 Hand Cart
35:21 Gold Shaft Mining
34:37 Arson
34:53 Squires
37:33 Imperial Age
36:28 Chain Mail Armor
36:19 Scale Barding Armor
36:45 Husbandry
38:01 Heavy Plow
38:46 Ring Archer Armor
38:50 Conscription
37:54 Elite Hearth Troop
40:45 Pikeman
Negro Lucas
10:27 Feudal Age
19:24 Castle Age
17:13 Horse Collar
17:33 Double-Bit Axe
18:08 Fletching
18:53 Padded Archer Armor
23:16 Bodkin Arrow
24:14 Scale Barding Armor
24:26 Leather Archer Armor
27:31 Bow Saw
27:25 Heavy Plow
29:27 Forging
29:23 Scale Barding Armor
30:31 Wagenburg Tactics
31:19 Iron Casting
32:23 Chain Barding Armor
34:54 Imperial Age
34:41 Chain Barding Armor
35:09 Wheelbarrow
35:06 Ballistics
36:38 Chemistry
36:04 Conscription
35:51 Elite Hussite Wagon
38:07 Bracer
38:19 Cavalier
40:49 Blast Furnace
40:18 Husbandry
Connection lost

Rejoining the realm…

Still unreachable

The connection could not be restored.

Session expired

The server has moved on; the page needs a fresh start.